 Dungeon Crawl Stone Soup version 0.23-a0-175-g97aacdb306 (webtiles) character file.

9 Holzbalken the Cudgeler (level 2, 0/22 HPs)
             Began as a Demonspawn Gladiator on Sept 16, 2018.
             Slain by a goblin (1 damage)
             ... on level 2 of the Dungeon.
             The game lasted 00:01:58 (353 turns).

Holzbalken the Cudgeler (Demonspawn Gladiator)       Turns: 353, Time: 00:01:58

Health: 0/22       AC:  6    Str: 14    XL:     2   Next: 3%
Magic:  2/2        EV: 12    Int:  9    God:
Gold:   26         SH:  3    Dex: 14    Spells: 1/1 levels left

rFire    . . .     SeeInvis .   a - +0 flail
rCold    . . .     Gourm    .   h - +0 buckler
rNeg     . . .     Faith    .   b - +0 leather armour
rPois    .         Spirit   .   c - +0 helmet
rElec    .         Reflect  .   (no cloak)
rCorr    .         Harm     .   (no gloves)
MR       .....                  (no boots)
Stlth    +.........             (no amulet)
HPRegen  0.07/turn              (no ring)
MPRegen  0.08/turn              (no ring)

@: no status effects
A: slimy green scales 1
a: no special abilities


You were on level 2 of the Dungeon.
You were not hungry.

You visited 1 branch of the dungeon, and saw 2 of its levels.

You collected 26 gold pieces.

Inventory:

Hand Weapons
 a - a +0 flail (weapon)
Missiles
 d - 3 throwing nets (quivered)
Armour
 b - a +0 leather armour (worn)
 c - a +0 helmet (worn)
 e - a +0 chain mail
 h - a +0 buckler (worn)
Comestibles
 f - a ration
 g - 4 chunks of flesh


   Skills:
 - Level 2.0 Fighting
 + Level 3.2 Maces & Flails
 - Level 1.7 Throwing
 - Level 2.6 Dodging


You had one spell level left.
You didn't know any spells.
Your spell library was empty.

Dungeon Overview and Level Annotations

Branches:
Dungeon (2/15)

Altars:


Innate Abilities, Weirdness & Mutations

You are partially covered in slimy green scales. (AC +2)


Message History

* * * LOW HITPOINT WARNING * * *
The goblin closely misses you. You block the adder's attack.
You block the rat's attack. You block the rat's attack.
The giant cockroach bites you but does no damage.
Found a whip.
You see here 9 gold pieces.
You now have 26 gold pieces (gained 9).
* * * LOW HITPOINT WARNING * * *
You feel sick. The giant cockroach misses you.
The kobold hits you but does no damage. The adder barely misses you.
The giant cockroach closely misses you. The kobold hits you but does no damage.
The goblin closely misses you. The giant cockroach misses you.
The goblin barely misses you. The giant cockroach barely misses you.
The goblin hits you but does no damage. The adder closely misses you.
* * * LOW HITPOINT WARNING * * *
You feel sick.
You are no longer poisoned.
The goblin hits you.
You die...

....####.###########.###*********
.[......................,,,,,,,,,
..)..g##....#..........),,,,,****
......#.............#,,,,,,,,*
......#.............#,,,,,,,,*
......#.......grK...#,,,,,,,,*
......#####...s.g####,,,,,,,,*
.........,#....gS####...,,,,,*
.........,#.....@.......,,,,,*
.........,#....?........,,,,,****
.........,#.............,,,,,,,,,
.........,#.........?...,,,,,,,,,
..........#......####...,,,,,,,,,
..................,,,...,,,,,,,,,
............#.##########****,,,,,
....##......#.##......# *,,,,,
....#*#####.#.##......# *,,,,,


You could see an adder, a giant cockroach, 3 goblins, a kobold and a rat.

Vanquished Creatures
  A giant cockroach (D:1)
  2 goblins (D:1)
  2 jackals (D:1)
  A bat (D:1)
  A frilled lizard (D:2)
  A rat (D:1)
8 creatures vanquished.

Notes
Turn   | Place    | Note
-------+----------+-------------------------------------------
     0 | D:1      | Holzbalken the Demonspawn Gladiator began the quest for the
                  | Orb.
     0 | D:1      | Reached XP level 1. HP: 16/16 MP: 1/1
   106 | D:1      | Reached skill level 3 in Maces & Flails
   268 | D:1      | Gained mutation: You are partially covered in slimy green
                  | scales. (AC +2) [demonic ancestry]
   268 | D:1      | Reached XP level 2. HP: 22/22 MP: 2/2
   353 | D:2      | HP: 1/22 [poisoned by an adder]
   353 | D:2      | Slain by a goblin

Vault maps used:
D:1:      roderic_dead_forest
D:2:      kb_forest_paths, chequers_ecumenical_altar_simple

Skill      XL: |  1 |
---------------+----+-----
Maces & Flails | 3 |  3.2
Fighting       | |  2.0
Throwing       | |  1.7
Dodging        | |  2.6

Action                   || total
-------------------------++-------
Melee: Flail             ||    22
  Use: Scroll            ||     3
       Potion            ||     1
Armor: Leather armour    ||    34
Dodge: Dodged            ||    62
Block: Buckler           ||     5

Table legend:
 A = Non-vault XP
 B = Vault XP
 C = Vault XP percentage of total XP
 D = Non-vault monster count
 E = Vault monster count
 F = Vault count percentage of total count
                 A         B        C        D         E       F
            +---------+---------+-------+---------+---------+-------
      Total |      13 |       0 |   0.0 |       8 |       0 |   0.0
            +---------+---------+-------+---------+---------+-------
        D:1 |      12 |       0 |   0.0 |       7 |       0 |   0.0
        D:2 |       1 |       0 |   0.0 |       1 |       0 |   0.0
            +---------+---------+-------+---------+---------+-------
